cohdb
Replays
Latest Replays
All Replays
Popular Replays
Top Player Replays
Match Explorer
How It Works
Community
CoH3 Stats
Reddit
Sign in to upload your games and track your stats! →
Sign in with Steam
Match 45160895
Unlisted
Match 45160895
Overview
Messages
Build Orders
End
Royal Engineer Section
Construct Section Command Post
Dingo Light Scout Car
Selects Heavy Armor Battlegroup
Selects Heavy Armor Battlegroup
Dingo Light Scout Car
Vickers Machine Gun Team
Selects Light Vehicle Withdraw and Refit
Vickers Machine Gun Team
Infantry Section
Light Vehicle Withdraw and Refit
Construct Platoon Command Post
Selects Rigorous Vehicle Training
Humber Armored Car
Selects Rigorous Vehicle Training
Selects Forward Repair Assembly
Infantry Section
6-pounder Anti-tank Gun Team
6-pounder Anti-tank Gun Team
AI Takeover
ZELOT
Elite_1650
[GCDC]RwiAng
NANAMI
0
0
Comments
sign in to comment!
No comments posted yet!